AoeStats
← evenfournier13

Arena

509987286Analyzed
2v2 RM · 4d ago on Sep 28, 2026· 77m 3s· 4 players
Game mode
Random Map
Map size
Medium (4 player)
Population
200
Speed
Normal
Resources
Standard
Victory
Conquest
Starting age
Dark Age
Ending age
Imperial Age
RankedLock teamsTeams togetherTeam positionsShared explorationLock speedFull tech treeHidden civsTurbo modeCheats
Victory
Defeat
🇩🇴 Dravidians · Dominican Republic
714
+16
🇦🇷 Vikings · Argentina
669
+18
🇨🇦 Celts · Canada
714
-17
🇨🇦 Britons · Canada
709
-17
evenfournier13
10:14 Feudal Age
10:39 Double-Bit Axe
10:35 Horse Collar
11:48 Wheelbarrow
12:04 Loom
14:58 Gold Mining
16:28 Stone Mining
20:13 Castle Age
21:13 Bow Saw
21:05 Heavy Plow
22:09 Gold Shaft Mining
24:42 Fervor
26:25 Forging
27:43 Scale Mail Armor
29:24 Caravan
29:27 Stronghold
31:20 Fletching
31:51 Hand Cart
35:40 Imperial Age
33:46 Ballistics
33:34 Murder Holes
34:59 Chain Mail Armor
35:38 Town Watch
37:36 Chemistry
36:00 Capped Ram
37:52 Iron Casting
37:19 Padded Archer Armor
38:07 Siege Ram
39:15 Conscription
40:10 Bodkin Arrow
41:28 Elite Woad Raider
47:39 Blast Furnace
47:10 Plate Mail Armor
49:28 Heavy Scorpion
52:17 Town Patrol
54:33 Stone Shaft Mining
57:45 Arson
tommy_comeau
3:19 Loom
10:00 Feudal Age
10:33 Horse Collar
10:41 Double-Bit Axe
13:31 Wheelbarrow
13:18 Town Watch
17:28 Gold Mining
21:51 Castle Age
20:24 Stone Mining
23:12 Caravan
27:11 Gold Shaft Mining
27:11 Bow Saw
28:47 Heavy Plow
31:31 Heated Shot
31:52 Masonry
35:23 Imperial Age
34:10 Scale Barding Armor
34:06 Scale Mail Armor
34:06 Padded Archer Armor
34:33 Sanctity
34:54 Coinage
35:45 Hand Cart
35:32 Town Patrol
36:36 Elite Longbowman
36:41 Cavalier
37:22 Husbandry
38:44 Chemistry
41:10 Banking
42:08 Ballistics
42:00 Fortified Wall
44:43 Murder Holes
45:02 Forging
45:07 Chain Mail Armor
45:13 Chain Barding Armor
45:09 Leather Archer Armor
44:44 Fletching
54:21 Two-Man Saw
61:06 Elite Skirmisher
Musaf
12:18 Feudal Age
12:39 Horse Collar
18:51 Castle Age
17:13 Double-Bit Axe
17:20 Stone Mining
18:14 Gold Mining
18:37 Forging
20:59 Loom
22:52 Man-at-Arms
23:38 Squires
24:26 Iron Casting
23:51 Scale Mail Armor
24:29 Arson
24:54 Heavy Plow
25:53 Gold Shaft Mining
26:21 Fervor
28:01 Bow Saw
30:26 Chieftains
31:06 Murder Holes
31:32 Ballistics
33:09 Treadmill Crane
33:39 Masonry
33:42 Fortified Wall
33:50 Chain Mail Armor
33:26 Fletching
34:27 Padded Archer Armor
34:20 Town Watch
38:26 Imperial Age
35:59 Town Patrol
36:55 Bodkin Arrow
37:15 Leather Archer Armor
38:17 Caravan
39:01 Elite Skirmisher
39:06 Capped Ram
39:08 Elite Berserk
39:11 Elite Varangian Guard
41:08 Chemistry
40:10 Bracer
40:40 Ring Archer Armor
40:31 Siege Ram
42:28 Conscription
43:51 Hoardings
43:02 Pikeman
44:49 Blast Furnace
44:19 Plate Mail Armor
45:07 Crop Rotation
45:40 Two-Man Saw
52:28 Sappers
52:23 Man-at-Arms
52:26 Crossbowman
52:32 Onager
52:33 Heavy Scorpion
53:50 Architecture
53:25 Siege Engineers
53:06 Arrowslits
53:29 Scale Barding Armor
56:19 Arbalester
a.mglass
0:43 Loom
10:58 Feudal Age
11:45 Double-Bit Axe
12:53 Wheelbarrow
12:07 Man-at-Arms
12:33 Arson
16:05 Horse Collar
20:58 Castle Age
19:24 Scale Mail Armor
19:42 Stone Mining
20:34 Gold Mining
21:18 Forging
21:17 Fletching
21:35 Pikeman
21:48 Long Swordsman
23:02 Heavy Plow
26:13 Bodkin Arrow
31:47 Hand Cart
34:42 Imperial Age
32:32 Squires
32:17 Gambesons
33:14 Scale Barding Armor
34:52 Chain Mail Armor
35:13 Iron Casting
34:38 Padded Archer Armor
35:46 Bow Saw
36:00 Husbandry
35:20 Light Cavalry
36:59 Two-Handed Swordsman
42:34 Halberdier
48:54 Leather Archer Armor
50:51 Elite Skirmisher
50:52 Elite Elephant Archer
52:00 Murder Holes
51:57 Heated Shot
52:27 Ballistics
53:09 Chemistry
51:41 Champion
53:58 Elite Urumi Swordsman
65:15 Blast Furnace
64:45 Plate Mail Armor
65:14 Chain Barding Armor
65:25 Ring Archer Armor
66:02 Caravan
67:02 Medical Corps
67:29 Wootz Steel
69:39 Siege Elephant
71:09 Bracer
73:12 Hoardings
74:49 Bombard Tower
75:35 Two-Man Saw
Connection lost

Rejoining the realm…

Still unreachable

The connection could not be restored.

Session expired

The server has moved on; the page needs a fresh start.